 Dungeon Crawl Stone Soup version 0.20-a0-426-gc811625 (webtiles) character file.

62954 AlphabetPasta the Unseen (level 15, -18/108 HPs)
             Began as a Naga Enchanter on Dec 31, 2016.
             Was the Champion of Cheibriados.
             Demolished by a death yak (26 damage)
             ... on level 6 of the Lair of Beasts.
             The game lasted 03:01:31 (19924 turns).

AlphabetPasta the Unseen (Naga Enchanter)          Turns: 19924, Time: 03:01:31

Health: -18/108    AC: 12    Str: 27    XL:     15   Next: 8%
Magic:  27/27      EV: 18    Int: 32    God:    Cheibriados [******]
Gold:   1207       SH: 10    Dex: 33    Spells: 17/31 levels left

rFire  + . .     SeeInvis +     a - +3 dagger (venom)
rCold  + . .     Gourm    .     B - +2 robe {rC+}
rNeg   . . .     Faith    .     J - +2 buckler
rPois  +         Spirit   .     (no helmet)
rElec  .         Reflect  .     g - +2 cloak
rCorr  .         Harm     .     S - +0 pair of gloves
MR     +....                    (no barding)
Stlth  +++++++...               C - amulet of magic regeneration
                                D - +3 ring of dexterity
                                w - ring of protection from fire

@: very slow
A: see invisible, deformed body, poison resistance, slowness 2, slow metabolism
1, spit poison 1, constrict 1, AC +5
a: Spit Poison, Bend Time, Temporal Distortion, Slouch, Step From Time, Renounce
Religion


You were on level 6 of the Lair of Beasts.
You worshipped Cheibriados.
Cheibriados was exalted by your worship.
You were not hungry.

You visited 3 branches of the dungeon, and saw 19 of its levels.

You collected 1207 gold pieces.

Inventory:

Hand Weapons
 a - a +3 dagger of venom (weapon)
 b - a +2 shortbow of freezing
 c - the +8 rapier of Disaster {pierce, rC++ Stlth+}
   (You found it on level 4 of the Lair of Beasts)

   It inflicts extra damage upon your enemies.
   It greatly protects you from cold.
   It makes you more stealthy.
 d - the +0 long sword of Responsibility {slice, rElec Dex+2 SInv}
   (You found it on level 12 of the Dungeon)

   It inflicts extra damage upon your enemies.
   It affects your dexterity (+2).
   It insulates you from electricity.
   It lets you see invisible.
 G - a +2 dagger
Missiles
 A - 332 arrows
Armour
 g - a +2 cloak (worn)
 z - a +1 robe
 B - a +2 robe of cold resistance (worn)
 E - a +0 shield
 J - a +2 buckler (worn)
 S - a +0 pair of gloves (worn)
Magical Staves
 v - an uncursed staff of cold
Jewellery
 e - an uncursed ring of ice
 w - a ring of protection from fire (left hand)
 C - an amulet of magic regeneration (around neck)
 D - a +3 ring of dexterity (right hand)
 F - an uncursed ring of fire
Wands
 h - a wand of confusion (17/48)
 j - a wand of digging (14/24)
 m - a wand of paralysis (22/24)
 o - a wand of polymorph (2/24)
 p - a wand of polymorph (11/24)
 r - a wand of confusion (15/48)
 u - a wand of digging (5/24)
 x - a wand of digging (10/24)
 N - a wand of clouds (4/9)
Scrolls
 f - 2 scrolls of enchant armour
 i - 4 scrolls of identify
 n - 3 scrolls of enchant weapon
 s - 6 scrolls of remove curse
 y - 2 scrolls of amnesia
 I - 2 scrolls of teleportation
 M - a scroll of silence
 T - a scroll of fear
Potions
 q - 5 potions of curing
 t - 2 potions of agility
 R - a potion of cure mutation
 U - a potion of brilliance
Books
 Q - a book of Maledictions

   Spells                             Type                      Level
   a - Corona                         Hexes                        1
   b - Ensorcelled Hibernation        Hexes/Ice                    2
   c - Confuse                        Hexes                        3
   d - Tukima's Dance                 Hexes                        3
   e - Dazzling Spray                 Conjuration/Hexes            3
Comestibles
 k - 4 beef jerkies
 l - 7 meat rations
 H - 11 bread rations
 K - 6 royal jellies
 P - 12 fruits
 V - 2 chunks of flesh


   Skills:
 * Level 12.2 Short Blades
 - Level 5.4 Bows
 + Level 7.6 Dodging
 + Level 15.1 Stealth
 + Level 5.8 Shields
 + Level 8.5 Spellcasting
 * Level 12.6 Hexes
 - Level 3.0 Ice Magic
 - Level 5.0 Invocations
 + Level 4.4 Evocations


You had 17 spell levels left.
You knew the following spells:

 Your Spells              Type           Power        Failure   Level  Hunger
a - Corona                Hex            #######      1%          1    None
b - Ensorcelled Hibernat  Hex/Ice        ######       1%          2    None
c - Confuse               Hex            #######.     1%          3    None
d - Dazzling Spray        Conj/Hex       ######       1%          3    None
e - Tukima's Dance        Hex            #######.     1%          3    None
f - Repel Missiles        Chrm/Air       ##....       6%          2    None


Dungeon Overview and Level Annotations

Branches:
Dungeon (12/15)            Temple (1/1) D:4            Lair (6/6) D:8
 Shoals (0/4) Lair:3        Snake (0/4) Lair:3        Slime (0/5) Lair:5
    Orc (0/2) D:11

Altars:
Cheibriados
Dithmenos
Elyvilon
Fedhas
Gozag
Makhleb
Okawaru
Ru
Sif Muna
Uskayaw
Vehumet
Xom
Yredelemnul
Zin
The Shining One

Shops:
D:12 (

Portals:
Trove: D:12 (give 6 scrolls of blinking)

Annotations:
D:5 exclusion: statue


Innate Abilities, Weirdness & Mutations

You cannot wear boots.
Your serpentine skin is tough. (AC +5)
You have supernaturally acute eyesight. (SInv)
Armour fits poorly on your strangely shaped body.
Your system is resistant to poisons. (rPois)
You cover ground very slowly.
You have a slow metabolism.
You can spit poison.
You can use your snake-like lower body to constrict enemies.


Message History

The spray of energy hits the death yak.
The death yak is lightly wounded.
The spray of energy hits the death yak.
The death yak is lightly wounded.
The death yak gores you!
* * * LOW HITPOINT WARNING * * *
You block the death yak's attack.
You are confused.
You feel invigorated. The death yak gores you!
* * * LOW HITPOINT WARNING * * *
The death yak gores you but does no damage.
The death yak gores you!
* * * LOW HITPOINT WARNING * * *
The death yak misses you. x2; The death yak closely misses you. x2
You hit the death yak.
The death yak is lightly wounded.
You feel less invigorated.
You feel less confused. The death yak gores you!!
You die...

......#.##...P.....8†...#####
...#..#.##.....8......###
.........#####......### ***
#....P....# ##.....P#* ****,,
..####....# ##...###PP# *,,,,8
### ##P..####...####### **,,,,
#...[# #...###.### ***,8, ###..#
#..##.Y...## *,,,,, #
#....###....@Y#...### **,,**,
######..###......##....P###.,****
##.#.#..# ##....####........#* *
..#..#..# ##.### *#.###...## *
......(.# ### *#.Y# **...# *
#......## ******#..## *,,.##
####..## *,,**...#* **,,#** #.###
**Y,....*** **,,,** ###
*,Y.Y##.,,*** ***,,***


You could see 2 death yaks.

Vanquished Creatures
  The ghost of AlphabetPasta the Grappler, a journeyman DrTm of Makhleb (Lair:6)
  Josephine (D:11)
  Fannar (D:11)
  Erolcha (D:11)
  11 hydras
  Harold (Lair:4)
  A catoblepas (Lair:6)
  3 death yaks (Lair:6)
  4 two-headed ogres
  Urug (Lair:4)
  3 unseen horrors
  Pikel (D:8)
  A manticore (Lair:6)
  A wolf spider zombie (D:12)
  4 oklob plants (Lair:3)
  An ugly thing (D:12)
  The ghost of morfei the Carver, a novice OpMo of Trog (D:6)
  7 elephants
  4 black mambas
  A centaur zombie (D:11)
  Maurice (D:8)
  A gargoyle (D:12)
  16 spiny frogs
  A torpor snail (Lair:6)
  4 rime drakes
  8 komodo dragons
  A queen bee (D:12)
  A jumping spider (shapeshifter) (D:10)
  3 trolls (D:12)
  4 hornets
  5 blink frogs (Lair:6)
  4 slime creatures
  9 hippogriffs
  Prince Ribbit (D:7)
  14 dream sheep
  A snapping turtle (Lair:3)
  2 shadows (D:12)
  Sigmund (D:4)
  36 yaks
  6 wraiths
  2 wyverns
  2 hungry ghosts
  4 basilisks
  2 vampire mosquitoes (D:12)
  2 acid dragons (D:12)
  Edmund (D:5)
  15 water moccasins
  12 porcupines
  3 sky beasts
  6 orc warriors
  2 necrophages
  3 ice beasts
  A slave (D:8)
  3 black bears
  2 phantoms
  5 wolves (Lair:3)
  5 ogres
  15 centaurs
  17 crocodiles
  4 big kobolds
  12 bullfrogs
  A wyvern zombie (D:7)
  A water moccasin zombie (D:12)
  2 wyvern skeletons
  7 scorpions
  4 wights (D:8)
  13 killer bees (D:12)
  3 howler monkeys
  4 crimson imps
  A quasit (D:12)
  4 bullfrog zombies
  7 hounds
  6 jellies
  4 bullfrog skeletons
  6 orc priests
  17 orc wizards
  3 centaur skeletons
  Natasha (thrice) (D:4)
  14 worker ants
  8 iguanas
  2 killer bee zombies
  A hound zombie (D:7)
  A howler monkey zombie (D:9)
  4 gnolls
  17 adders
  3 shadow imps
  2 oozes (Lair:5)
  3 adder skeletons
  An adder zombie (D:8)
  4 worms
  A dart slug (D:1)
  4 leopard geckos
  37 orcs
  8 bats
  5 giant cockroaches
  10 hobgoblins
  18 jackals
  34 kobolds
  3 quokkas
  A ball python (D:6)
  7 frilled lizards
  12 goblins
  A leopard gecko skeleton (D:4)
  10 rats
  21 plants (Lair:3)
604 creatures vanquished.

Vanquished Creatures (others)
  A slave (D:8)
  A sky beast (D:8)
  A centaur (D:11)
  A scorpion (D:8)
  3 gnolls
  2 orcs
  A quokka (D:8)
  20 fungi
  18 plants
48 creatures vanquished.

Grand Total: 652 creatures vanquished

Notes
Turn   | Place    | Note
-------+----------+-------------------------------------------
     0 | D:1      | AlphabetPasta the Naga Enchanter began the quest for the Orb.
     0 | D:1      | Reached XP level 1. HP: 15/15 MP: 3/3
   315 | D:1      | Reached XP level 2. HP: 22/22 MP: 5/5
   319 | D:1      | Learned a level 2 spell: Ensorcelled Hibernation
   593 | D:1      | Reached XP level 3. HP: 28/28 MP: 4/6
   618 | D:1      | Reached skill level 5 in Stealth
  1021 | D:2      | Upgraded the game from 0.20-a0-417-ge4f0a7c to 0.20-a0-420-g83c570d
  1538 | D:2      | Learned a level 3 spell: Confuse
  1549 | D:2      | Reached XP level 4. HP: 36/36 MP: 4/7
  1679 | D:2      | Found a sacrificial altar of Ru.
  1700 | D:2      | Found a white marble altar of Elyvilon.
  1704 | D:2      | Found a shimmering altar of Xom.
  1974 | D:2      | Found a deep blue altar of Sif Muna.
  1974 | D:2      | Found a hide-covered altar of Uskayaw.
  1976 | D:2      | Found an iron altar of Okawaru.
  2401 | D:3      | Found a blossoming altar of Fedhas.
  2936 | D:3      | Reached XP level 5. HP: 35/42 MP: 1/8
  2991 | D:4      | Reached skill level 6 in Stealth
  3136 | D:4      | Found a snail-covered altar of Cheibriados.
  3144 | D:4      | Became a worshipper of Cheibriados the Contemplative
  3165 | D:4      | Reached XP level 6. HP: 49/49 MP: 9/9
  3255 | D:4      | Noticed Sigmund
  3292 | D:4      | Killed Sigmund
  3292 | D:4      | Reached skill level 7 in Stealth
  3436 | D:4      | Noticed a hornet
  3440 | D:4      | Paralysed by a hornet for 1 turns
  3442 | D:4      | Killed a hornet
  3442 | D:4      | Reached skill level 1 in Invocations
  3442 | D:4      | Reached XP level 7. HP: 12/55 MP: 6/11
  3447 | D:4      | Learned a level 3 spell: Dazzling Spray
  3932 | D:4      | Found a staircase to the Ecumenical Temple.
  3942 | D:4      | Reached * piety under Cheibriados
  3942 | D:4      | Reached skill level 5 in Hexes
  3955 | Temple   | Entered the Ecumenical Temple
  4042 | D:4      | Found an opulent altar of Gozag.
  4043 | D:4      | Found a glowing silver altar of Zin.
  4043 | D:4      | Noticed Natasha
  4070 | D:4      | Killed Natasha
  4227 | D:4      | Noticed Natasha
  4257 | D:4      | Killed Natasha
  4593 | D:4      | Noticed Natasha
  4598 | D:4      | Killed Natasha
  4629 | D:5      | Entered Level 5 of the Dungeon
  4629 | D:5      | Noticed Edmund
  4651 | D:5      | Killed Edmund
  4651 | D:5      | Reached skill level 8 in Stealth
  4651 | D:5      | Reached XP level 8. HP: 35/62 MP: 0/12
  4808 | D:5      | Learned a level 3 spell: Dazzling Spray
  4900 | D:5      | Found a shadowy altar of Dithmenos.
  4962 | D:5      | Found a radiant altar of Vehumet.
  5029 | D:5      | Found a glowing golden altar of the Shining One.
  5120 | D:5      | Found a basalt altar of Yredelemnul.
  5122 | D:5      | Noticed a profane servitor
  5371 | D:5      | Reached skill level 1 in Ice Magic
  5440 | D:5      | Reached ** piety under Cheibriados
  5484 | D:5      | Noticed an angel
  5649 | D:6      | Reached skill level 9 in Stealth
  5675 | D:6      | Reached skill level 5 in Short Blades
  5920 | D:6      | Noticed morfei's ghost (novice OpMo)
  5941 | D:6      | Killed morfei's ghost
  5941 | D:6      | Reached XP level 9. HP: 52/68 MP: 6/14
  6033 | D:6      | Found an opulent altar of Gozag.
  6135 | D:6      | Found a burning altar of Makhleb.
  6518 | D:7      | Reached skill level 10 in Stealth
  6567 | D:7      | Noticed Prince Ribbit
  6585 | D:6      | Reached skill level 1 in Evocations
  6588 | D:6      | Reached *** piety under Cheibriados
  7044 | D:7      | Killed Prince Ribbit
  7576 | D:8      | Reached XP level 10. HP: 26/75 MP: 5/16
  7730 | D:8      | Noticed Maurice
  7776 | D:8      | Killed Maurice
  7859 | D:8      | Noticed an unseen horror
  7877 | D:8      | Killed an unseen horror
  7877 | D:8      | Reached **** piety under Cheibriados
  7904 | D:8      | Reached skill level 5 in Spellcasting
  7928 | D:8      | Noticed Pikel
  7946 | D:8      | Killed Pikel
  7946 | D:8      | Reached skill level 11 in Stealth
  8207 | D:8      | Found a staircase to the Lair.
  8412 | D:9      | Found a snail-covered altar of Cheibriados.
  8514 | D:9      | Reached XP level 11. HP: 72/81 MP: 9/18
  8838 | D:9      | Reached ***** piety under Cheibriados
  9239 | D:10     | Entered Level 10 of the Dungeon
  9361 | D:10     | Noticed a two-headed ogre
  9374 | D:10     | Killed a two-headed ogre
  9374 | D:10     | Reached skill level 1 in Bows
  9667 | D:11     | Reached skill level 5 in Dodging
  9727 | D:10     | Reached skill level 12 in Stealth
  9804 | D:11     | Noticed an unseen horror
  9806 | D:11     | Noticed an unseen horror
  9807 | D:11     | Noticed Erolcha
  9811 | D:11     | Killed an unseen horror
  9811 | D:11     | Reached skill level 1 in Shields
  9816 | D:11     | Killed Erolcha
 10295 | D:11     | Reached XP level 12. HP: 64/88 MP: 18/21
 10444 | D:10     | Reached skill level 10 in Hexes
 10560 | D:11     | Noticed a two-headed ogre
 10570 | D:11     | Killed a two-headed ogre
 10857 | D:11     | Noticed Fannar
 10862 | D:11     | Found a staircase to the Orcish Mines.
 10866 | D:11     | Killed Fannar
 11055 | D:11     | Noticed Josephine
 11079 | D:11     | Killed Josephine
 11186 | D:11     | Reached ****** piety under Cheibriados
 11333 | D:11     | Learned a level 3 spell: Tukima's Dance
 11333 | D:11     | Upgraded the game from 0.20-a0-420-g83c570d to 0.20-a0-426-gc811625
 11713 | D:12     | Got a slimy long sword
 11714 | D:12     | Identified the cursed +0 long sword of Responsibility {slice, rElec Dex+2 SInv} (You found it on level 12 of the Dungeon)
 11781 | D:12     | Found Qovapp's Antique Weapon Shop.
 11920 | D:12     | Found a portal to a secret trove of treasure.
 11941 | D:12     | Reached skill level 10 in Short Blades
 12185 | D:12     | Noticed a two-headed ogre
 12188 | D:12     | Killed a two-headed ogre
 12188 | D:12     | Reached skill level 13 in Stealth
 12640 | D:12     | Gained mutation: You can use your snake-like lower body to constrict enemies. [Naga growth]
 12640 | D:12     | Reached XP level 13. HP: 94/94 MP: 23/23
 12880 | Lair:1   | Entered Level 1 of the Lair of Beasts
 14090 | Lair:2   | Learned a level 2 spell: Repel Missiles
 14900 | Lair:3   | Found a staircase to the Snake Pit.
 14917 | Lair:3   | Reached skill level 5 in Bows
 15056 | Lair:3   | Found a staircase to the Shoals.
 15455 | Lair:3   | Reached skill level 14 in Stealth
 16130 | Lair:4   | Noticed Harold
 16136 | Lair:4   | Killed Harold
 16181 | Lair:4   | Got a twisted rapier
 16182 | Lair:4   | Identified the +8 rapier of Disaster {pierce, rC++ Stlth+} (You found it on level 4 of the Lair of Beasts)
 16245 | Lair:4   | Reached XP level 14. HP: 102/102 MP: 19/25
 16292 | Lair:4   | Noticed Urug
 16305 | Lair:4   | Killed Urug
 17480 | Lair:4   | Reached skill level 5 in Shields
 17543 | Lair:5   | Reached skill level 5 in Invocations
 17712 | Lair:5   | Found a staircase to the Slime Pits.
 18468 | Lair:6   | Entered Level 6 of the Lair of Beasts
 18585 | Lair:6   | Noticed AlphabetPasta's ghost (journeyman DrTm)
 18594 | Lair:6   | Killed AlphabetPasta's ghost
 19467 | Lair:6   | Reached skill level 15 in Stealth
 19588 | Lair:6   | Reached XP level 15. HP: 83/108 MP: 25/27
 19919 | Lair:6   | HP: 4/108 [death yak (21)]
 19924 | Lair:6   | Demolished by a death yak

Vault maps used:
D:1:      sevenhm_arrival_forest_fort_small_3, minmay_pentomino_z4
D:2:      nicolae_overflow_hidden_temple, hangedman_abyss_or_decor_lesser_grid,
          hangedman_ru_absence
D:3:      nicolae_overflow_crystal_walls, kennysheep_boxes
D:4:      grunt_temple_overflow_gold_and_silver, cheibriados_altar_1,
          first_bread, uniq_natasha, uniq_sigmund
D:5:      grunt_temple_overflow_holy_war, old_standard_altar, vehumet_statue,
          uniq_edmund
D:6:      kennysheep_mini, basic_altar, small_statue_intersection
D:7:      uniq_prince_ribbit1
D:8:      lair_entry_dummy, hangedman_decor_diamond_cutter, uniq_maurice,
          uniq_pikel
D:9:      basic_altar
D:11:     orc_0_dummy, uniq_josephine, uniq_erolcha, uniq_fannar
D:12:     serial_shops, shop, enter_trove_0, david_nohive_1, minmay_checkerbox
Temple:   corrupted_temple
Lair:1:   cheibrodos_lair_reptile_den, infiniplex_staircase_pool_2
Lair:3:   minmay_lair_oklob_tunnel, minmay_shoals_entry_hut, dummy_snake_entry,
          minmay_lindwurm_lava
Lair:4:   hangedman_lair_generics_rect, lemuel_fruit_fields, uniq_harold,
          uniq_urug
Lair:5:   nicolae_slime_entry_slimehenge, grunt_megastairs_3
Lair:6:   evilmike_catoblepas_cave, lemuel_fruit_tree

Skill      XL: |  1  2  3  4  5  6  7  8  9 10 11 12 13 14 |
---------------+-------------------------------------------+-----
Stealth        | 5 6 7 8 9 10 11 12 13 14 15 | 15.1
Dodging        | 2 3 4 5 6 7 |  7.6
Short Blades   | 2 3 4 5 6 7 9 10 11 12 | 12.2
Hexes          | 4 5 6 7 8 9 10 11 12 | 12.6
Invocations    | 1 2 3 4 5 |  5.0
Spellcasting   | 3 4 5 6 7 8 |  8.5
Ice Magic      | 1 3 |  3.0
Evocations     | 2 4 |  4.4
Bows           | 2 4 5 |  5.4
Shields        | 1 3 4 5 |  5.8

Action                   |  1- 3 |  4- 6 |  7- 9 | 10-12 | 13-15 || total
-------------------------+-------+-------+-------+-------+-------++-------
Melee: Dagger            |    71 |    75 |   311 |   380 |   164 ||  1001
       Unarmed           |       |       |       |    16 |       ||    16
       Long sword        |       |       |       |       |   160 ||   160
       Constrict         |       |       |       |       |    47 ||    47
       Rapier            |       |       |       |       |   160 ||   160
 Fire: Shortbow          |       |       |       |     4 |       ||     4
 Cast: Corona            |     2 |       |       |       |    11 ||    13
       Ensorcelled Hiber |    19 |    31 |    76 |   134 |   193 ||   453
       Confuse           |       |     4 |    21 |    42 |    45 ||   112
       Repel Missiles    |       |       |       |       |     1 ||     1
       Dazzling Spray    |       |       |       |       |     7 ||     7
Invok: Bend Time         |       |       |     1 |       |       ||     1
       Slouch            |       |       |       |     1 |       ||     1
 Abil: Spit Poison       |    30 |    33 |    45 |    28 |     9 ||   145
Evoke: Wand              |       |       |     1 |     8 |     1 ||    10
  Use: Scroll            |     2 |     8 |     6 |     9 |    14 ||    39
       Potion            |       |     2 |     1 |     5 |     8 ||    16
 Stab: Sleeping          |    19 |    22 |    44 |   135 |   141 ||   361
       Distracted        |       |     1 |     2 |     5 |     1 ||     9
       Confused          |       |     1 |     6 |    25 |    27 ||    59
       Invisible         |       |       |       |     9 |     4 ||    13
       Paralysed         |       |       |       |     1 |       ||     1
  Eat: Chunk             |     4 |    10 |     4 |    10 |    10 ||    38
       Fruit             |       |       |     6 |     2 |     5 ||    13
       Meat ration       |       |       |     1 |       |       ||     1
       Royal jelly       |       |       |       |       |     2 ||     2
Armor: Robe              |    44 |    37 |    98 |    82 |    78 ||   339
       Skin              |       |       |       |     3 |       ||     3
Dodge: Dodged            |    83 |    49 |   201 |   289 |   224 ||   846
       Deflected         |       |       |       |       |     1 ||     1
Block: Buckler           |       |       |       |    34 |   132 ||   166
